 Dungeon Crawl Stone Soup version 0.20-a0-1065-g8446734 (webtiles) character file.

65 Monsterracer the Slasher (level 4, -2/35 HPs)
             Began as a Formicid Fighter on Apr 28, 2017.
             Slain by a worm (3 damage)
             ... on level 2 of the Dungeon.
             The game lasted 00:02:51 (1624 turns).

Monsterracer the Slasher (Formicid Fighter)         Turns: 1624, Time: 00:02:52

Health: -2/35      AC:  6    Str: 21    XL:     4   Next: 35%
Magic:  13/13      EV:  7    Int:  7    God:
Gold:   53         SH:  9    Dex: 11    Spells: 3/3 levels left

rFire    . . .     SeeInvis +   a - +0 long sword
rCold    . . .     Gourm    .   c - +0 shield
rNeg     . . .     Faith    .   b - +0 scale mail
rPois    .         Spirit   .   (helmet unavailable)
rElec    .         Reflect  .   (no cloak)
rCorr    .         Harm     .   (no gloves)
MR       .....                  (no boots)
Stlth    ..........             (no amulet)
Regen    0.2/turn               e - ring of magical power
MPRegen  0.2/turn               h - ring of flight

@: lethally poisoned (-2 -> -5)
A: permanent stasis, dig shafts and tunnels, four strong arms, antennae 3
a: Dig, Shaft Self, Evoke Flight


You were on level 2 of the Dungeon.
You were not hungry.

You visited 1 branch of the dungeon, and saw 2 of its levels.

You collected 53 gold pieces.

Inventory:

Hand Weapons
 a - a +0 long sword (weapon)
Armour
 b - a +0 scale mail (worn)
 c - a +0 shield (worn)
Jewellery
 e - a ring of magical power (left hand)
 h - a ring of flight (right hand)
Scrolls
 g - a scroll of remove curse {unknown}
 i - 2 scrolls of fog {unknown}
 j - 5 scrolls of immolation {unknown}
 l - a scroll of enchant armour {unknown}
Comestibles
 d - 2 chunks of flesh
 f - a bread ration
 k - a meat ration


   Skills:
 - Level 3.2 Fighting
 + Level 4.2 Long Blades
 - Level 3.2 Armour
 - Level 3.6 Shields


You had 3 spell levels left.
You didn't know any spells.

Dungeon Overview and Level Annotations

Branches:
Dungeon (2/15)

Altars:


Innate Abilities, Weirdness & Mutations

You cannot be hasted, slowed, berserked, paralysed or teleported.
You can dig through walls and to a lower floor.
Your four strong arms can wield two-handed weapons with a shield.
You have a pair of large antennae on your head. (SInv)


Message History

* * * LOW HITPOINT WARNING * * *
You feel sick. The adder bites you but does no damage.
You aren't carrying any potions.
You hit the adder.
You kill the adder!
* * * LOW HITPOINT WARNING * * *
You feel sick. You block the worm's attack.
You slash the worm!
The worm is heavily wounded.
* * * LOW HITPOINT WARNING * * *
You feel sick.
You hit the worm.
The worm is almost dead.
* * * LOW HITPOINT WARNING * * *
You feel sick. You block the worm's attack.
You hit the worm but do no damage.
The worm is severely wounded.
The worm bites you.
You die...

##### ###.# #
.....###...#######
#......).......
###.##########.
####.# ... ##....#
.##
########..######
##
#)....#.†........
#.....w@.########
### #.....#.##
##.. #.>...#.# ###
####..# #.....#..
...(####....##
#.....####
#......####
...?##### ####..##
###.. ##..####..
#.. #.........
...# ##.###.....


You could see a worm.

Vanquished Creatures
  A gnoll (D:1)
  3 adders (D:2)
  A dart slug (D:2)
  2 giant cockroaches
  5 goblins
  3 hobgoblins
  2 jackals (D:2)
  2 bats
  2 frilled lizards (D:1)
  4 kobolds
  3 rats (D:1)
28 creatures vanquished.

Notes
Turn   | Place    | Note
-------+----------+-------------------------------------------
     0 | D:1      | Monsterracer the Formicid Fighter began the quest for the Orb.
     0 | D:1      | Reached XP level 1. HP: 18/18 MP: 1/1
    54 | D:1      | Reached XP level 2. HP: 4/24 MP: 2/2
   545 | D:1      | Reached skill level 3 in Long Blades
   838 | D:1      | Reached XP level 3. HP: 24/29 MP: 3/3
  1503 | D:2      | Reached skill level 4 in Long Blades
  1503 | D:2      | Reached XP level 4. HP: 35/35 MP: 4/4
  1623 | D:2      | HP: 1/35 [poisoned by an adder]
  1624 | D:2      | Slain by a worm

Vault maps used:
D:1:      noname_arrival_rooms_in_the_neighbourhood, minmay_stone_trees_medium

Skill      XL: |  1  2  3 |
---------------+----------+-----
Long Blades    | 3 4 |  4.2
Fighting       | |  3.2
Armour         | |  3.2
Shields        | |  3.6

Action                   |  1- 3 |  4- 6 || total
-------------------------+-------+-------++-------
Melee: Long sword        |    93 |    25 ||   118
  Use: Potion            |     3 |       ||     3
  Eat: Chunk             |     2 |       ||     2
Armor: Scale mail        |    36 |     8 ||    44
Dodge: Dodged            |    23 |     4 ||    27
Block: Shield            |    55 |     9 ||    64
       Rpst.: Long sword |     3 |       ||     3
